 Dungeon Crawl Stone Soup version 0.23.0-3-gf3c87f2 (webtiles) character file.

Game seed: 12947432470320160746

6230 Lavandula the Grappler (level 10, 94/94 HPs)
             Began as a Troll Wanderer on Feb 24, 2019.
             Quit the game on level 8 of the Dungeon.
             The game lasted 00:12:00 (6691 turns).

Lavandula the Grappler (Troll Wanderer)             Turns: 6691, Time: 00:12:00

Health: 94/94      AC:  7    Str: 26    XL:     10   Next: 61%
Magic:  9/9        EV: 13    Int:  8    God:
Gold:   588        SH:  0    Dex: 10    Spells: 5/9 levels left

rFire    + . .     SeeInvis .     - Unarmed
rCold    . . .     Gourm    +   (no shield)
rNeg     + . .     Faith    .   A - +0 robe "Kaud" {rPois rN+} (curse)
rPois    +         Spirit   .   (helmet restricted)
rElec    .         Reflect  .   E - +0 cloak
rCorr    .         Harm     .   (gloves unavailable)
MR       .....                  (boots unavailable)
Stlth    +.........             (no amulet)
HPRegen  0.65/turn              b - ring of protection from fire
MPRegen  0.11/turn              G - +2 ring of dexterity

@: no status effects
A: large, unfitting armour, claws 3, fast metabolism 3, gourmand, regeneration
1, shaggy fur 1, tough skin 3
a: no special abilities


You were on level 8 of the Dungeon.
You were very full.

You visited 1 branch of the dungeon, and saw 8 of its levels.
You also visited: Sewer.

You collected 588 gold pieces.

Inventory:

Hand Weapons
 n - a +0 blowgun
Missiles
 o - 21 curare-tipped needles
 J - 4 tomahawks of returning (quivered)
Armour
 A - the cursed +0 robe "Kaud" (worn) {rPois rN+}
   (You found it on level 4 of the Dungeon)

   It protects you from poison.
   It protects you from negative energy.
   It has a curse placed upon it.
 E - a +0 cloak (worn)
Jewellery
 b - a ring of protection from fire (left claw)
 G - a +2 ring of dexterity (right claw)
 K - an uncursed ring of ice {unknown}
Wands
 c - a wand of random effects (24)
 k - a wand of paralysis (12)
 r - a wand of polymorph (18)
 P - a wand of flame (1)
Scrolls
 a - 6 scrolls of teleportation {unknown}
 e - 11 scrolls of identify {unknown}
 l - a scroll of magic mapping {unknown}
 q - 5 scrolls of remove curse {unknown}
 s - a scroll of enchant armour {unknown}
 t - a scroll of noise {unknown}
 v - a scroll of immolation {unknown}
 w - 4 scrolls of blinking {unknown}
 x - a scroll of random uselessness {unknown}
 y - 2 scrolls of fog {unknown}
 C - a scroll of fear {unknown}
 F - a scroll of brand weapon {unknown}
 H - a scroll of acquirement {unknown}
 I - 2 scrolls of amnesia {unknown}
 L - 2 scrolls of enchant weapon {unknown}
Potions
 d - a potion of ambrosia {unknown}
 g - a potion of degeneration {unknown}
 h - 4 potions of flight {unknown}
 i - 5 potions of agility {unknown}
 j - 2 potions of curing {unknown}
 m - 3 potions of lignification {unknown}
 p - 4 potions of might {unknown}
 u - a potion of resistance {unknown}
 z - 3 potions of haste {unknown}
 B - 6 potions of heal wounds {unknown}
 D - a potion of brilliance {unknown}
 N - a potion of magic {unknown}
 O - 2 potions of invisibility {unknown}
Comestibles
 f - 17 rations


   Skills:
 - Level 4.8 Fighting
 - Level 1.0 Throwing
 - Level 7.5 Dodging
 + Level 12.1 Unarmed Combat
 - Level 4.1 Necromancy
 - Level 1.0 Evocations


You had 5 spell levels left.
You knew the following spells:

 Your Spells              Type           Power        Failure   Level  Hunger
a - Regeneration          Chrm/Necr      #.........   50%         3    ####...
b - Animate Skeleton      Necr           N/A          9%          1    ##.....

Your spell library contained the following spells:

 Spells                   Type           Power        Failure   Level  Hunger
 Pain                     Necr           #...         9%          1    ##.....
 Vampiric Draining        Necr           #.........   24%         3    ####...
 Confusing Touch          Hex            #.....       41%         1    ##.....
 Animate Dead             Necr           N/A          63%         4    #####..
 Confuse                  Hex            #.......     78%         3    ####...
 Gell's Gravitas          Tloc           #.........   78%         3    ####...
 Petrify                  Tmut/Erth      #.......     99%         4    #####..
 Metabolic Englaciation   Hex/Ice        #.........   100%        5    ######.
 Yara's Violent Unravell  Hex/Tmut       #.........   100%        5    ######.


Dungeon Overview and Level Annotations

Branches:
Dungeon (8/15)             Temple (0/1) D:6            Lair (0/6) D:8

Altars:
Ashenzari
Gozag
Hepliaklqana
Kikubaaqudgha
Makhleb
Vehumet

Annotations:
D:7 3 runed translucent doors, Inarius's ghost, novice DrWn


Innate Abilities, Weirdness & Mutations

You are too large for most types of armour.
You have claws for hands.
Your metabolism is lightning-fast.
You like to eat raw meat.
Your natural rate of healing is unusually fast.
You are covered in fur. (AC +1)
You have extremely tough skin. (AC +3)


Message History

You claw the jelly!
You kill the jelly!
You see here a scale mail.
Key pressed, stopping explore.
No target in view!
You are no longer corroded.
You see here a scale mail.
You see here a spear.
A quokka skeleton comes into view.
Found a stone staircase leading down.
A quokka skeleton is nearby!
A quokka skeleton is nearby!
A quokka skeleton is nearby!
Found a falchion and 19 gold pieces.
The quokka skeleton misses you.
You claw the quokka skeleton!
You destroy the quokka skeleton!
No target in view!
No target in view!
Are you sure you want to abandon this character and quit the game? (Confirm with "yes".)

##### ###...##
###...#..# ###...####.#
###...### #.# ####
#####...### #.# #...
#......@.#######.####...
#.....>............)....
#........###+#..........
#........#..............
#........#............##
#.......)#............#
#.....$..#...#........#
###.....##...#........#
#............#


There were no monsters in sight!

Vanquished Creatures
  Harold (D:7)
  2 two-headed ogres
  An elephant (D:8)
  2 hippogriffs
  3 hogs (D:7)
  A yak (D:7)
  A basilisk (D:8)
  A human (D:7)
  An orc warrior (D:7)
  An ice beast (D:6)
  2 phantoms
  2 sky beasts (D:8)
  4 ogres
  A centaur (D:8)
  A crocodile (D:8)
  4 bullfrogs
  A wyvern skeleton (D:7)
  3 scorpions
  5 wights (D:6)
  A howler monkey (D:6)
  6 crimson imps
  2 bullfrog zombies
  A quasit (D:7)
  4 orc priests
  3 hounds
  2 jellies
  A bullfrog skeleton (D:6)
  An iguana (D:5)
  6 worker ants
  A hound zombie (D:6)
  2 hound skeletons
  5 adders
  2 oozes
  An adder skeleton (D:7)
  5 worms
  3 dart slugs
  9 leopard geckos
  11 orcs
  4 ball pythons (Sewer)
  7 giant cockroaches
  9 goblins
  9 hobgoblins
  11 jackals
  4 quokkas
  10 bats
  10 frilled lizards
  10 kobolds
  4 quokka skeletons
  12 rats
  A plant (Sewer)
194 creatures vanquished.

Notes
Turn   | Place    | Note
-------+----------+-------------------------------------------
     0 | D:1      | Lavandula the Troll Wanderer began the quest for the Orb.
     0 | D:1      | Lavandula set off with the following items: a +2 spear, a
                  | +0 hand axe, a wand of random effects (15), a +0 robe, 2
                  | rations
     0 | D:1      | Reached XP level 1. HP: 22/22 MP: 0/0
    64 | D:1      | Reached skill level 1 in Unarmed Combat
   118 | D:1      | Reached XP level 2. HP: 23/29 MP: 1/1
   204 | D:1      | Reached skill level 2 in Unarmed Combat
   538 | D:1      | Reached XP level 3. HP: 32/36 MP: 2/2
   760 | D:2      | Reached skill level 3 in Unarmed Combat
  1124 | D:2      | Reached XP level 4. HP: 44/44 MP: 3/3
  1672 | D:3      | Reached skill level 4 in Unarmed Combat
  2214 | D:4      | Reached XP level 5. HP: 24/50 MP: 4/4
  2266 | D:4      | Learned a level 3 spell: Regeneration
  2268 | D:4      | Learned a level 1 spell: Animate Skeleton
  2394 | D:4      | Noticed a phantom
  2437 | D:4      | Killed a phantom
  2437 | D:4      | Reached skill level 5 in Unarmed Combat
  2725 | D:4      | Reached XP level 6. HP: 44/59 MP: 5/5
  2816 | D:4      | Got a dull robe
  2827 | D:4      | Identified the cursed +0 robe "Kaud" {rPois rN+} (You found
                  | it on level 4 of the Dungeon)
  2862 | D:5      | Entered Level 5 of the Dungeon
  2891 | D:5      | Found an opulent altar of Gozag.
  2929 | D:5      | Found a hazy altar of Hepliaklqana.
  3008 | D:5      | Reached skill level 6 in Unarmed Combat
  3215 | D:5      | Found a glowing drain.
  3235 | Sewer    | Entered a sewer
  3800 | D:5      | Reached skill level 7 in Unarmed Combat
  3969 | D:5      | Reached XP level 7. HP: 62/66 MP: 6/6
  4340 | D:6      | Found a staircase to the Ecumenical Temple.
  4362 | D:6      | Noticed a two-headed ogre
  4437 | D:5      | Killed a two-headed ogre
  4437 | D:5      | Reached skill level 9 in Unarmed Combat
  4437 | D:5      | Reached XP level 8. HP: 60/74 MP: 7/7
  4499 | D:6      | Found a shattered altar of Ashenzari.
  4513 | D:6      | Reached skill level 10 in Unarmed Combat
  4570 | D:6      | Reached skill level 5 in Dodging
  4947 | D:7      | Noticed Harold
  4962 | D:7      | Killed Harold
  4962 | D:7      | Reached XP level 9. HP: 6/80 MP: 8/8
  4972 | D:7      | Noticed a two-headed ogre
  5130 | D:7      | Killed a two-headed ogre
  5208 | D:7      | Found a runed translucent gate.
  5208 | D:7      | Found a runed translucent gate.
  5208 | D:7      | Found a runed translucent gate.
  5209 | D:7      | Noticed Inarius's ghost (novice DrWn)
  5317 | D:7      | Reached skill level 1 in Necromancy
  5520 | D:7      | Reached XP level 10. HP: 79/94 MP: 9/9
  6219 | D:8      | Reached skill level 11 in Unarmed Combat
  6249 | D:8      | Found a staircase to the Lair.
  6249 | D:8      | Noticed an elephant
  6260 | D:8      | Killed an elephant
  6317 | D:8      | Found a burning altar of Makhleb.
  6373 | D:8      | Found an ancient bone altar of Kikubaaqudgha.
  6547 | D:8      | Reached skill level 12 in Unarmed Combat
  6573 | D:8      | Found a radiant altar of Vehumet.
  6574 | D:8      | Found a burning altar of Makhleb.
  6691 | D:8      | Quit the game

Skill      XL: |  1  2  3  4  5  6  7  8  9 10 |
---------------+-------------------------------+-----
Unarmed Combat | 1 2 3 4 5 7 9 10 12 | 12.1
Dodging        | 7 |  7.5
Fighting       | 4 |  4.8
Necromancy     | 4 |  4.1
Throwing       | |  1.0
Evocations     | |  1.0

Action                   |  1- 3 |  4- 6 |  7- 9 | 10-12 || total
-------------------------+-------+-------+-------+-------++-------
Melee: Spear             |    19 |       |       |       ||    19
       Unarmed           |   106 |   223 |   108 |   119 ||   556
       Punch             |       |     4 |     6 |    10 ||    20
 Fire: Blowgun           |       |       |     2 |       ||     2
Evoke: Wand              |       |       |     7 |       ||     7
 Stab: Sleeping          |     1 |       |       |       ||     1
  Eat: Chunk             |    16 |    19 |     9 |    17 ||    61
       Ration            |       |       |     2 |       ||     2
Armor: Robe              |    42 |    72 |    19 |    25 ||   158
Dodge: Dodged            |    61 |    98 |    45 |    61 ||   265
